[Event "*** Titled Tuesday Blitz"]
[Site "Chess.com"]
[Date "2021.04.20"]
[Round "4"]
[White "4empechement"]
[Black "Kildepiotr"]
[Result "0-1"]
[WhiteElo "2480"]
[BlackElo "2650"]
[TimeControl "180+1"]
[EndTime "10:39:24 PDT"]
[Termination "Kildepiotr won by resignation"]

1. e4 g6 2. d4 Bg7 3. Nc3 c6 4. g3 d6 5. Bg2 Nf6 6. a4 O-O 7. Nge2 Qc7 8. h3 b6 9. O-O Bb7 10. Re1 e5 11. Be3 a6 12. Qd2 Nbd7 13. Rad1 b5 14. axb5 cxb5 15. dxe5 dxe5 16. Qd6 Rac8 17. b4 Rfe8 18. Rd2 Qxd6 19. Rxd6 Bf8 20. Rd3 Bxb4 21. Rb1 Bc5 22. Bxc5 Nxc5 23. Re3 Red8 24. Kf1 Rd2 25. Rb2 Rcd8 26. f4 Rd1+ 27. Kf2 R1d2 28. Ke1 R2d7 29. fxe5 Nh5 30. g4 Ng7 31. Nf4 Re7 32. Nfd5 Rxe5 33. Kf2 Nge6 34. Rb1 Kg7 35. Rd1 Ng5 36. h4 Ngxe4+ 37.
Nxe4 Nxe4+ 38. Bxe4 Bxd5 39. Bg2 Kf6 40. g5+ Ke6 41.
Red3 b4 42. Rd4 a5 43. Ra1 Rd6 44. Rxa5 Bxg2 45. Rxe5+ Kxe5 46. Rxd6 Kxd6 47. Kxg2 Ke5 48. Kf3 Kd4 49. Ke2 Ke4 50. Kd2 Kf4 51. Kd3 Kg4 52.
Kc4 Kxh4 53. Kxb4 Kxg5 54. c4 h5 55. c5 Kf6 56. Kb5 h4 57. c6 Ke7 58. Kb6 h3 59. c7 h2 60. c8=Q h1=Q 61. Qc5+ Kf6 62. Qd4+ Kf5 63.
Qd7+ Kg5 64. Qe7+ Kh6 65. Qf8+ Kg5 66. Qe7+ f6 67. Qe3+ Kh5 68. Qe2+ Kh6 69. Qe3+ g5 70. Qe7 Qb1+ 71. Kc7 Qh7 0-1

[Event "*** Titled Tuesday Blitz"]
[Site "Chess.com"]
[Date "2021.04.20"]
[Round "4"]
[White "zubridis"]
[Black "1977Ivan"]
[Result "1/2-1/2"]
[WhiteElo "2531"]
[BlackElo "2726"]
[TimeControl "180+1"]
[EndTime "10:39:25 PDT"]
[Termination "Game drawn by repetition"]

1. e4 g6 2. d4 c6 3. Nc3 d5 4. h3 Bg7 5. Nf3 dxe4 6. Nxe4 Nf6 7.
Nxf6+ exf6 8. Bc4 Qe7+ 9. Qe2 Qxe2+ 10. Kxe2 O-O 11. Rd1 Nd7 12. Bb3 a5 13. a3 b5 14.
Kf1 Nb6 15. Bf4 Bf5 16. Rd2 Be4 17. Re1 f5 18. Bd6 Rfe8 19. Bc7 Nd5 20. Bd6 a4 21.
Ba2 Bxf3 22. gxf3 Rxe1+ 23. Kxe1 Re8+ 24. Kd1 Bh6 25. Re2 Rxe2 26. Kxe2 Bc1 27. c3 Nb6 28.
f4 Nc4 29. Bxc4 bxc4 30. Kd1 Bxb2 31. Kc2 Ba1 32. Bb4 f6 33. Kb1 Kf7 34. Kxa1 Ke6 35. Kb1 g5 36. f3 h5 37. fxg5 fxg5 38. Ba5 f4 39. Bd8 Kf5 40. Kc2 g4 41. fxg4+ hxg4 42. hxg4+ Kxg4 43. Kd2 Kf3 44. Bc7 Ke4 45. Be5 f3 46. Bg7 Kf4 47. Bh8 Ke4 48. Bg7 Kf4 49. Bh6+ Ke4 50. Be3 Kf5 51. Bg1 Ke4 52. Bf2 Kf4 53. Kd1 Ke4 54. Kd2 Kf4 55. Kc2 Ke4 56. Kd1 Kd3 57. Be1 f2 58. Bxf2 Kxc3 59. Kc1 Kb3 60.
Be1 c3 61. Kb1 Kxa3 62. Kc2 Kb4 63. Bxc3+ Kc4 64. Ba1 a3 65. Kd2 Kb3 66. Kd3 Ka2 67. Bc3 Kb3 68. Ba1 Ka2 69. Bc3 Kb3 70. Ba1 1/2-1/2

[Event "*** Titled Tuesday Blitz"]
[Site "Chess.com"]
[Date "2021.04.20"]
[Round "4"]
[White "Redzishchess"]
[Black "Trickster_Pony"]
[Result "0-1"]
[WhiteElo "2346"]
[BlackElo "1589"]
[TimeControl "180+1"]
[EndTime "10:39:28 PDT"]
[Termination "Trickster_Pony won by checkmate"]

1. f4 e5 2. fxe5 d6 3. exd6 Bxd6 4. Nf3 g5 5. g3 g4 6. Nh4 Be7 7. Ng2 h5 8. d4 h4 9. Bf4 hxg3 10. Bxg3 Bd6 11.
Qd3 Bf5 12. Qb5+ Bd7 13. Qb3 Be6 14. Qe3 Nf6 15. Nc3 Bxg3+ 16. Qxg3 Qxd4 17. Rd1 Qb6 18. e3 Nbd7 19. Bb5 c6 20. Bd3 Qxb2 21. Ne2 Qb4+ 22. c3 Qe7 23. O-O Rh3 24. Qc7 Nc5 25. Qxe7+ Kxe7 26.
Nef4 Rh6 27. Nxe6 Nxe6 28. Bf5 Rah8 29. Bxe6 Kxe6 30. Nf4+ Ke7 31. Rd2 Ne4 32. Rg2 f5 33.
Rd1 Ng5 34. Nd3 Nf3+ 35. Kf2 Rxh2 36. Kg3 Rxg2+ 37. Kxg2 Nh4+ 38. Kg3 Ng6 39. Nf4 Rh3+ 40. Nxh3 gxh3 41. Kxh3 Ne5 42. Kg2 Ke6 43. Kf2 a5 44. Ke2 a4 45. Rb1 b5 46. Rh1 Nc4 47. Kd3 Ke5 48. Rh8 Nb2+ 49. Kc2 Nc4 50. Rd8 Nxe3+ 51. Kd3 Nd5 52. Rc8 Nf4+ 53. Ke3 Nd5+ 54. Kd3 Nf4+ 55.
Kd2 Kd5 56. Ke3 Ne6 57. Kd3 f4 58. Rg8 c5 59. Rh8 c4+ 60. Kd2 Ke4 61. Rh5 f3 62. Rxb5 Nf4 63. Ke1 Ng2+ 64. Kf2 Ne3 65. Rb4 Nd1+ 66.
Ke1 f2+ 67. Kf1 Kf3 68. Rxc4 Ne3# 0-1

[Event "*** Titled Tuesday Blitz"]
[Site "Chess.com"]
[Date "2021.04.20"]
[Round "4"]
[White "topin8"]
[Black "kreonx"]
[Result "1-0"]
[WhiteElo "2205"]
[BlackElo "2297"]
[TimeControl "180+1"]
[EndTime "10:39:28 PDT"]
[Termination "topin8 won on time"]

1. e4 c6 2. Nf3 d5 3. Nc3 dxe4 4. Nxe4 Nf6 5. Nxf6+ exf6 6. d4 Bd6 7. Be2 O-O 8.
O-O Bg4 9. h3 Bxf3 10. Bxf3 Nd7 11. c3 Qc7 12. Bd2 Bf4 13. Re1 Rfe8 14. Qc2 Bxd2 15. Qxd2 c5 16. d5 Ne5 17. Be2 c4 18. f4 Nd7 19. Qd4 Nb6 20. b3 Rac8 21. d6 Qc5 22. Bg4 Qxd4+ 23. cxd4 Rxe1+ 24. Rxe1 Rd8 25. bxc4 Nxc4 26. d7 Kf8 27. Rc1 Nb6 28. Rc8 Ke7 29. Rc7 h5 30. Bxh5 Rxd7 31. Rxd7+ Kxd7 32. Bf3 Kc7 33. Kf2 Nc4 34. Bd5 Nd6 35. g4 g5 36. Ke3 b5 37. a3 a5 38. f5 b4 39.
axb4 axb4 40. Kd3 Kb6 41. Kc2 Nb5 42. Kd3 Nd6 43. Kc2 Kb5 44. Kb3 Ka5 45. Bc6 Kb6 46.
Bd5 Nb5 47. Kc4 b3 48. Kxb3 Nxd4+ 49. Kc4 Ne2 50. Bxf7 Nf4 51. Kd4 Kc6 52. Be8+ Kd6 53.
Bf7 Nxh3 54. Bc4 Nf4 55. Ke4 Kc5 56. Bf7 Ne2 57. Bb3 Kb4 58. Bc2 Kc3 59. Bd1 Ng3+ 60. Kd5 Nf1 61. Ke6 Kd2 62. Bf3 Ke3 63. Kxf6 Kxf3 64.
Kxg5 Ne3 65. f6 Nc4 66. f7 1-0

[Event "*** Titled Tuesday Blitz"]
[Site "Chess.com"]
[Date "2021.04.20"]
[Round "4"]
[White "Vanina1989"]
[Black "albi1999"]
[Result "1/2-1/2"]
[WhiteElo "2787"]
[BlackElo "2620"]
[TimeControl "180+1"]
[EndTime "10:39:31 PDT"]
[Termination "Game drawn by repetition"]

1. d4 d5 2. c4 e6 3. Nf3 Nf6 4.
Nc3 c5 5. cxd5 Nxd5 6. e4 Nxc3 7. bxc3 cxd4 8. cxd4 Bb4+ 9. Bd2 Bxd2+ 10. Qxd2 O-O 11. Bc4 Nd7 12. O-O b6 13. Rfe1 Bb7 14. Rad1 Rc8 15.
Bb3 h6 16. h4 Qf6 17. Qe3 Rfd8 18. d5 Nc5 19. e5 Qg6 20. d6 Be4 21. Rd4 Bb7 22. Bc4 Qc2 23. Rg4 Kh8 24. Qf4 Rf8 25. Rc1 Qb2 26. Rd1 Qc2 27. Rd4 Qb1+ 28. Kh2 Qf5 29. Qg3 Ne4 30. Rdxe4 Bxe4 31. Nd4 Qh7 32. Ba6 Rc5 33. f3 Bf5 34. Nxf5 Qxf5 35. f4 Rc3 36. Qxc3 Qxg4 37. g3 Qd1 38. Bb7 Qe2+ 39.
Bg2 Qb5 40. Qc7 Qe8 41. Qxa7 Qb8 42. Qe7 Qd8 43. Qb7 Qb8 44. Qe7 Kg8 45. Bc6 Qd8 46. Kh3 Qb8 47. d7 Qd8 48. Qe8 Qb8 49. h5 Qd8 50. a4 Qb8 51. Kg2 Qc7 52. Bb5 Qd8 53. Kf3 Qc7 54. Kg2 Qb7+ 55. Kh3 Qc7 56. Kh2 Qb8 57.
Kh3 Qc7 58. Kh2 Qb8 59. Kg2 Qb7+ 60. Kh2 Qc7 61. Qe7 Qc2+ 62. Kh3 Qc7 63. Kg4 Qd8 64. Qe8 Qc7 65. Bc6 Qd8 66. Kf3 Qc7 67. Kg4 Qd8 68.
Kh3 Qc7 69. Bb5 Qd8 70. Bc6 1/2-1/2

[Event "*** Titled Tuesday Blitz"]
[Site "Chess.com"]
[Date "2021.04.20"]
[Round "4"]
[White "ErikRonka"]
[Black "fyall777"]
[Result "1-0"]
[WhiteElo "2467"]
[BlackElo "2317"]
[TimeControl "180+1"]
[EndTime "10:39:32 PDT"]
[Termination "ErikRonka won by checkmate"]

1. d4 d5 2. c4 e6 3. Nc3 Nf6 4. Bg5 Be7 5. Nf3 O-O 6. e3 Ne4 7. Bxe7 Qe8 8. Bxf8 Qxf8 9. Nxe4 dxe4 10. Nd2 f5 11.
Be2 Nd7 12. O-O e5 13. f3 exd4 14. fxe4 dxe3 15. Nb3 f4 16. Bg4 Nb6 17. c5 Na4 18.
Qd5+ Kh8 19. Rxf4 Bxg4 20. Rxf8+ Rxf8 21. Rf1 Rg8 22. Qd4 b5 23. cxb6 e2 24. Re1 Nxb6 25. h3 Bh5 26. g4 Bf7 27. Rxe2 Re8 28. e5 Nd5 29. e6 Rxe6 30. Rxe6 Bxe6 31. Nc5 Bg8 32. Nd7 a5 33. Ne5 h6 34. Ng6+ Kh7 35.
Nf4 Nf6 36. Qd3+ Kh8 37. Ng6+ Kh7 38. Ne7+ Kh8 39. Nxg8 Kxg8 40. b3 Kf7 41. a3 Ke6 42.
b4 axb4 43. Qb3+ Nd5 44. axb4 g5 45. Qc4 Ke5 46. Qc5 Ke4 47. Qf8 Nf4 48. Kh2 Nd5 49. Qxh6 Nxb4 50. Qxg5 Nd5 51. Qf5+ Kd4 52. h4 c5 53. h5 Ne3 54. Qf4+ Kd3 55. h6 c4 56.
h7 c3 57. h8=Q c2 58. Qd8+ Ke2 59. Qdc7 Nf1+ 60. Kg1 Ne3 61. Qxe3+ Kxe3 62. Qxc2 Kf3 63. Qg2+ Ke3 64. g5 Kd4 65. Kf2 Ke5 66. Qf3 Kd4 67.
Qe3+ Kd5 68. Kf3 Kc4 69. Ke4 Kb5 70. Qd4 Kc6 71. Qd5+ Kc7 72. Kd4 Kb6 73. Qc5+ Kb7 74. Kd5 Ka6 75. Qb4 Ka7 76. Kc6 Ka6 77. Qa3# 1-0

[Event "*** Titled Tuesday Blitz"]
[Site "Chess.com"]
[Date "2021.04.20"]
[Round "4"]
[White "stepakyedael"]
[Black "ClydeHillKid"]
[Result "1-0"]
[WhiteElo "2246"]
[BlackElo "2408"]
[TimeControl "180+1"]
[EndTime "10:39:33 PDT"]
[Termination "stepakyedael won by checkmate"]

1. d4 d5 2. Nf3 Nf6 3. e3 Bg4 4. c4 e6 5. Nc3 Nbd7 6. Qb3 dxc4 7. Bxc4 Nb6 8. Be2 Bd6 9. a4 a5 10. Bd2 O-O 11. Nb5 Be7 12. Rc1 c6 13. Na3 Nfd5 14. Nc2 Bf5 15. O-O h6 16. h3 Bd6 17. Be1 Qf6 18.
Nd2 Qg6 19. Kh1 e5 20. dxe5 Bxe5 21. Nf3 Bd6 22. Ncd4 Bd7 23. Bd3 Qh5 24. Ng1 Rfe8 25. Ndf3 c5 26. Bb5 c4 27. Bxc4 Nxc4 28. Rxc4 Be6 29.
Rh4 Qg6 30. Qd1 Red8 31. Qe2 Rac8 32. Nd4 Bd7 33. Qf3 Nf6 34. Nb5 Bc6 35. e4 Nxe4 36.
Nxd6 Rxd6 37. Rg4 Qh5 38. Rxg7+ Kxg7 39. Qxh5 Rg6 40. f3 Nf6 41. Bc3 Kh7 42. Bxf6 Rxf6 43.
Ne2 Bxa4 44. Qg4 Rg8 45. Qxa4 Rfg6 46. Qe4 Kh8 47. Nf4 R6g7 48. Qe5 a4 49. Nh5 b5 50. Nxg7 Rxg7 51. Rd1 Kh7 52. Rd5 a3 53. Qf5+ Kh8 54. Rd8+ Rg8 55. Qe5+ Kh7 56. Qe4+ Kh8 57. Rxg8+ Kxg8 58. bxa3 b4 59. Qxb4 Kg7 60. Qd6 h5 61. Qe5+ Kg6 62. h4 f6 63. Qf4 Kh7 64. Qxf6 Kg8 65. Qg5+ Kh8 66. Qxh5+ Kg7 67. Qg5+ Kh7 68. h5 Kh8 69.
Qf6+ Kh7 70. Qe7+ Kg8 71. h6 Kh8 72. Qg7# 1-0

[Event "*** Titled Tuesday Blitz"]
[Site "Chess.com"]
[Date "2021.04.20"]
[Round "4"]
[White "shineatchess"]
[Black "Nils_03"]
[Result "0-1"]
[WhiteElo "2208"]
[BlackElo "2409"]
[TimeControl "180+1"]
[EndTime "10:39:36 PDT"]
[Termination "Nils_03 won by checkmate"]

1. e4 c5 2. c3 d5 3. exd5 Qxd5 4. d4 cxd4 5. cxd4 Nf6 6. Nc3 Qd8 7. Bc4 e6 8. Nf3 Be7 9. O-O O-O 10. Bg5 Nbd7 11.
Re1 Nb6 12. Bd3 Bd7 13. Qe2 Nbd5 14. Rad1 Nxc3 15. bxc3 Nd5 16. Bd2 Rc8 17. c4 Nb4 18. Bb1 Nc6 19. d5 Nb8 20. d6 Bf6 21. Qd3 g6 22. Bh6 Re8 23. Ne5 Nc6 24. Ng4 Bh8 25.
Qe3 Qh4 26. h3 Qd8 27. Bg5 f6 28. Bh4 Bg7 29. c5 Kh8 30. a3 e5 31. Ba2 Rf8 32. Kh1 Qe8 33. Nh2 Nd4 34. Qc1 Nf5 35. Bg3 Nxg3+ 36.
fxg3 b6 37. Re2 Rxc5 38. Rc2 Qc8 39. Rdd2 f5 40. Rxc5 bxc5 41. Rc2 Qa6 42. Rxc5 Qxd6 43. Nf3 h6 44. Rd5 Qc6 45. Qd1 Bc8 46. Nxe5 Bxe5 47. Rxe5 Bb7 48. Re2 Qf6 49. Qb1 Be4 50. Qb2 Qxb2 51.
Rxb2 Rc8 52. Kh2 h5 53. Bb1 Kg7 54. a4 Rc4 55. a5 Ra4 56. Bxe4 fxe4 57. Rb7+ Kf6 58.
Rxa7 e3 59. Kg1 Ra1+ 60. Kh2 e2 61. Ra6+ Kg7 62. Ra7+ Kh6 63. Re7 e1=Q 64. Rxe1 Rxe1 65. a6 Ra1 66. a7 Rxa7 67. g4 Kg7 68. gxh5 gxh5 69.
h4 Kh6 70. Kh3 Ra4 71. g3 Rg4 72. Kh2 Kg6 73. Kh3 Kf5 74. Kh2 Ke4 75. Kg2 Ke3 76.
Kh3 Kf3 77. Kh2 Rxg3 78. Kh1 Rh3+ 79. Kg1 Rxh4 80. Kf1 Rh1# 0-1

[Event "*** Titled Tuesday Blitz"]
[Site "Chess.com"]
[Date "2021.04.20"]
[Round "4"]
[White "jannat65"]
[Black "not_najdorfs_player"]
[Result "0-1"]
[WhiteElo "2020"]
[BlackElo "2371"]
[TimeControl "180+1"]
[EndTime "10:39:38 PDT"]
[Termination "not_najdorfs_player won on time"]

1. e4 d6 2. Nf3 Nf6 3. Nc3 Nbd7 4.
d4 e5 5. dxe5 dxe5 6. Bc4 Be7 7. O-O c6 8. h3 Qc7 9. Qe2 Nf8 10. Ng5 Ne6 11. Bxe6 Bxe6 12. Nxe6 fxe6 13. Be3 h6 14. Qc4 Qc8 15. f4 exf4 16. Bxf4 b5 17. Qb3 O-O 18. Rad1 b4 19. Ne2 Bc5+ 20.
Be3 Nxe4 21. Rxf8+ Qxf8 22. Qxe6+ Kh8 23. Qxe4 Re8 24. Bxc5 Qxc5+ 25. Qd4 Qxc2 26. Ng3 c5 27. Qd7 Qg6 28. Rd6 Qb1+ 29. Kh2 Rf8 30. Qe7 Rg8 31. Nh5 Qxb2 32. Qe6 Qc2 33. Rd7 Qf2 34. Rf7 Qh4 35. Ng3 Qg5 36. Re7 a5 37. Re8 Rxe8 38. Qxe8+ Kh7 39. Qe4+ Kh8 40. Qa8+ Kh7 41. Qxa5 Qe3 42. Qa4 Qe5 43. Qb3 h5 44. Kg1 Qd4+ 45. Kh1 h4 46. Nf1 Qf4 47. Qf3 Qxf3 48. gxf3 c4 49. Ne3 b3 50.
axb3 cxb3 51. Nd1 Kg6 52. Kg2 Kf5 53. Kf2 Kf4 54. Kg2 g5 55. Kf2 Kf5 56. Ke3 Ke5 57.
Nb2 Kd5 58. f4 gxf4+ 59. Kxf4 Kd4 60. Kg5 Kc3 61. Na4+ Kb4 62. Nb2 Ka3 63. Nd3 Ka2 64.
Kxh4 Kb1 65. Kg4 Kc2 66. Nb4+ Kc3 67. Nd5+ Kd4 68. Nb4 b2 69. Nc2+ Kc3 70. Ne3 b1=Q 71. h4 Qb4+ 72. Kg5 Qc5+ 0-1

[Event "*** Titled Tuesday Blitz"]
[Site "Chess.com"]
[Date "2021.04.20"]
[Round "4"]
[White "NTBT_DHS"]
[Black "eljanov"]
[Result "1-0"]
[WhiteElo "2717"]
[BlackElo "2870"]
[TimeControl "180+1"]
[EndTime "10:39:39 PDT"]
[Termination "NTBT_DHS won on time"]

1. d4 Nf6 2. c4 e6 3. Nf3 b6 4. g3 Bb7 5. Bg2 Be7 6. O-O O-O 7.
Nc3 Ne4 8. Bd2 Bf6 9. Qc2 Nxd2 10. Qxd2 d6 11. Rac1 g6 12. Rfd1 Bg7 13. h4 Nd7 14. h5 gxh5 15. Qf4 Qf6 16. Qh4 Qg6 17. Qe7 Rad8 18.
Nh4 Qh6 19. Nf5 exf5 20. Bxb7 Bf6 21. Qe3 Qxe3 22. fxe3 Bg5 23. Rd3 Nf6 24. Rf1 Ng4 25. Rxf5 Bxe3+ 26. Kg2 Bc1 27. Rxh5 Rfe8 28. Kf3 Nf6 29.
Rf5 Kg7 30. b3 c5 31. e3 cxd4 32. exd4 Re1 33. Ne2 Re8 34. Nf4 Bxf4 35. Rxf4 Rf1+ 36. Kg2 Rxf4 37. gxf4 Re2+ 38. Kf3 Rxa2 39. Re3 h5 40. Bc8 Kf8 41. Bf5 a5 42. Kg3 Rd2 43. Kh4 Rxd4 44. Kg5 Ng8 45. Bd7 Kg7 46. Rg3 Kf8 47.
Re3 h4 48. Rf3 Kg7 49. Kxh4 Nf6 50. Bc6 Ne4 51. Kg4 Nc5 52. Rg3 Kf6 53. Rh3 Rd3 54.
Rh6+ Kg7 55. Rh5 Rxb3 56. Bd5 a4 57. Rg5+ Kf8 58. Rf5 a3 59. Rxf7+ Ke8 60. Ra7 Nd3 61. f5 Nb4 62. Be6 Re3 63. Kf4 Re2 64. Rxa3 Ke7 65. Ra7+ Kd8 66. Kg5 Nd3 67. Rd7+ Ke8 68. Rxd6 Nc5 69.
Rxb6 Ke7 70. Bd5 Rf2 71. f6+ Kd7 72. Rc6 Nd3 73. Ra6 Ne5 74. Ra7+ Kd6 75. f7 1-0

[Event "*** Titled Tuesday Blitz"]
[Site "Chess.com"]
[Date "2021.04.20"]
[Round "4"]
[White "annamaja"]
[Black "Qvalda"]
[Result "0-1"]
[WhiteElo "2278"]
[BlackElo "2454"]
[TimeControl "180+1"]
[EndTime "10:39:39 PDT"]
[Termination "Qvalda won on time"]

1. e4 d6 2. d4 Nf6 3. Nc3 g6 4. Nf3 Bg7 5. Be2 O-O 6. h3 Nc6 7. Be3 e5 8. d5 Ne7 9. Qd2 c6 10. dxc6 bxc6 11. Rd1 Qa5 12. O-O Ne8 13. Bg5 f6 14. Bh6 Be6 15. Nd5 Qxd2 16. Nxe7+ Kf7 17. Bxd2 Kxe7 18. Bc3 Rb8 19. Nd2 d5 20. b3 Kf7 21.
f4 d4 22. Bb2 Kg8 23. Bc4 Bxc4 24. Nxc4 Nc7 25. c3 c5 26. Ba3 Na6 27. Rd3 Rfd8 28. Rfd1 Rbc8 29. Kf2 Nb8 30. Na5 Nd7 31. Nb7 Rf8 32. Nd6 Rc6 33. Nb5 a6 34. Nxd4 cxd4 35. Bxf8 Bxf8 36. cxd4 exd4 37. Rxd4 Bc5 38. Kf3 Bxd4 39.
Rxd4 Nf8 40. Ra4 Kf7 41. g4 Ke6 42. h4 Kd6 43. Rd4+ Kc7 44. g5 Ne6 45. Rd5 fxg5 46. hxg5 Rc3+ 47. Kg4 Rc2 48. Re5 Nd4 49. Ra5 Kb6 50. Ra4 Rg2+ 51. Kh3 Rd2 52. Rc4 Nc6 53. a4 Rd3+ 54. Kg4 Rxb3 55. e5 Rb4 56. Rc3 Ne7 57.
Ra3 Nd5 58. Rf3 Rxa4 59. Kg3 Kc6 60. f5 gxf5 61. Rxf5 Kd7 62. Rf7+ Ke6 63. Rxh7 Kxe5 64. g6 Kf6 65. g7 Kf7 66. Rh5 Nf6 67. Re5 Kxg7 68.
Kf3 Kf7 69. Rc5 Ke6 70. Ke3 Kd6 71. Rc8 Nd5+ 72. Kd3 Nc7 73. Rb8 Kc6 74. Kc3 Ra5 75. Kb4 Rb5+ 76. Rxb5 axb5 0-1

[Event "*** Titled Tuesday Blitz"]
[Site "Chess.com"]
[Date "2021.04.20"]
[Round "4"]
[White "TeukkaSalama"]
[Black "WisdomGame"]
[Result "1/2-1/2"]
[WhiteElo "2383"]
[BlackElo "2098"]
[TimeControl "180+1"]
[EndTime "10:39:42 PDT"]
[Termination "Game drawn - insufficient material"]

1. d4 Nf6 2. Bf4 e6 3. e3 c5 4. c3 Nc6 5. Nd2 Be7 6. h3 O-O 7. Ngf3 b6 8. Bd3 Bb7 9. O-O Rc8 10. Re1 Re8 11. a4 Bf8 12. e4 d6 13. Qe2 e5 14.
dxe5 dxe5 15. Bg5 Be7 16. Rad1 Qc7 17. Bc4 Rcd8 18. Nf1 Na5 19. Bxf6 Bxf6 20. Bb5 Rf8 21. N3d2 g6 22. Nc4 Nxc4 23. Bxc4 Bg7 24. Qc2 Rxd1 25. Rxd1 Rd8 26. Rxd8+ Qxd8 27. Ne3 Kf8 28. Bd5 Ba6 29.
c4 Bh6 30. Ng4 Bg7 31. Qe2 h5 32. Ne3 Bh6 33. Qf3 Qe7 34. Nd1 Kg7 35. g4 hxg4 36.
hxg4 Bf4 37. Qh3 Bc8 38. f3 Qg5 39. Kf1 Be3 40. Qh2 Bd4 41. Qe2 Qc1 42. Kg2 Bd7 43. b3 f5 44. exf5 gxf5 45. gxf5 Bxf5 46. Nf2 Qg5+ 47.
Ng4 Bxg4 48. fxg4 Qf4 49. Qf3 Qd2+ 50. Kf1 Qc1+ 51. Ke2 Qc2+ 52. Kf1 Qc1+ 53. Ke2 Qf4 54. Qxf4 exf4 55. Kf3 Be3 56. Be6 Kf6 57. Bf5 Ke5 58. Bd7 Kd4 59. g5 Kc3 60. g6 Bd4 61.
Kxf4 Kxb3 62. Bb5 Kb4 63. Ke4 Ka5 64. Kd5 a6 65. Be8 Kb4 66. Bd7 Bg7 67. Be8 Bd4 68.
Bd7 Kc3 69. Kc6 Kxc4 70. Kxb6 Kb4 71. Kxa6 c4 72. Bf5 Kxa4 73. Kb7 Kb3 74. Kc6 c3 75.
Kd5 Bg7 76. Ke6 c2 77. Bxc2+ Kxc2 78. Kf7 Bb2 79. g7 Bxg7 1/2-1/2

[Event "*** Titled Tuesday Blitz"]
[Site "Chess.com"]
[Date "2021.04.20"]
[Round "4"]
[White "kleopl"]
[Black "Skat2704"]
[Result "0-1"]
[WhiteElo "2496"]
[BlackElo "2671"]
[TimeControl "180+1"]
[EndTime "10:39:43 PDT"]
[Termination "Skat2704 won on time"]

1. c4 c5 2. Nf3 Nc6 3. Nc3 g6 4. e3 Bg7 5. d4 cxd4 6. exd4 Nf6 7. d5 Nb8 8. Be2 O-O 9. O-O d6 10. Re1 Nbd7 11. h3 a5 12. Be3 b6 13. Rc1 Ba6 14. Nd4 Ne5 15. b3 Rc8 16. f4 Ned7 17.
Nc6 Qe8 18. Bg4 Bb7 19. Bxb6 Bxc6 20. dxc6 Nxb6 21. Bxc8 Nxc8 22. Qf3 Na7 23. Nb5 Nxc6 24.
Nxd6 Qd7 25. Nb5 Nd4 26. Nxd4 Qxd4+ 27. Qf2 Qd3 28. Rcd1 Qf5 29. Rxe7 Ne4 30. Qe3 Nc3 31. Rd2 Bf6 32. Re8 Rxe8 33. Qxe8+ Kg7 34. Qe3 Ne4 35.
Rd5 Qe6 36. Rxa5 Qc6 37. Rd5 Nc3 38. Rd2 Nb1 39. Re2 Qd7 40. Kh2 Nc3 41. Rd2 Qf5 42. b4 Qb1 43. b5 Qb4 44. Qd3 Na4 45. Rc2 Nc5 46. Qe2 Ne6 47. g3 Nd4 48. Qd3 Nxc2 49. Qxc2 Qc5 50. a4 h5 51. a5 h4 52. g4 Qe3 53. b6 Qxf4+ 54. Kg2 Qg3+ 55. Kf1 Qxh3+ 56. Ke2 Qxg4+ 57. Kd3 Qf3+ 58. Kd2 Bg5+ 59. Ke1 Qh1+ 60. Ke2 Qg2+ 61. Kd3 Qf3+ 62. Kd4 Bf6+ 63. Kc5 Qe3+ 64. Kb4 h3 65. b7 Qe7+ 66. Ka4 Qxb7 67. c5 Qc6+ 68. Kb4 Qc7 69. Kb5 h2 70. Qg2 Be5 71.
a6 Qb8+ 72. Kc4 Qb1 73. a7 h1=Q 0-1

[Event "*** Titled Tuesday Blitz"]
[Site "Chess.com"]
[Date "2021.04.20"]
[Round "4"]
[White "Cuajada_Zero"]
[Black "MerryPoppies"]
[Result "1-0"]
[WhiteElo "2304"]
[BlackElo "2116"]
[TimeControl "180+1"]
[EndTime "10:39:45 PDT"]
[Termination "Cuajada_Zero won on time"]

1. d4 d5 2. Nf3 Nf6 3. c4 c6 4. Nc3 e6 5. g3 Be7 6. Bg2 O-O 7. O-O Nbd7 8. Nd2 e5 9. cxd5 cxd5 10. dxe5 Nxe5 11.
Nb3 Be6 12. h3 Qd7 13. Kh2 Rfd8 14. Nd4 Rac8 15. Bf4 Nc4 16. b3 Nd6 17. Rc1 Nde4 18. Qd3 Nxc3 19. Rxc3 Rxc3 20. Qxc3 Rc8 21. Qd3 Bd6 22. Bg5 Be7 23. Rd1 h6 24. Be3 a6 25.
f4 Qd6 26. f5 Bd7 27. Bf4 Qc5 28. g4 Bd6 29. Qg3 Bxf4 30. Qxf4 Qc7 31. Qxc7 Rxc7 32.
Rd2 Bc6 33. Kg3 Re7 34. Kf2 Ne4+ 35. Bxe4 Rxe4 36. e3 Kf8 37. Ne2 Re7 38. Nf4 Rd7 39.
Rd4 Ke7 40. Ke2 Kf6 41. h4 g5 42. Nh5+ Ke7 43. hxg5 hxg5 44. Kd3 f6 45. Ng3 Rd8 46. Kc3 Bb5 47. Kd2 Bc6 48. Ne2 Rh8 49. Nc3 Rh2+ 50. Kc1 Rh1+ 51. Rd1 Rxd1+ 52. Kxd1 Kd6 53. Kd2 Ke5 54.
Kd3 Bd7 55. Ne2 b5 56. Kc3 Bc6 57. Kd3 a5 58. Nd4 Bd7 59. Kc3 Ke4 60. Kd2 Ke5 61. Kd3 Be8 62. Nf3+ Kd6 63. Kd4 b4 64. Ne1 Bb5 65. Nc2 Bf1 66. a3 bxa3 67. Nxa3 Ba6 68.
Nb1 Bb5 69. Nc3 Bc6 70. Ne2 Bb5 71. Ng3 Bc6 72. Nh5 Ke7 73. Kc5 Bb7 74. Ng3 Kd7 75. Ne2 Kc7 76. Nd4 Kd7 77. Ne6 Ba8 78. Nd4 Kc7 79. Nb5+ Kd7 80. Nc3 Kc7 81. Nxd5+ Kd7 82.
Nxf6+ 1-0

[Event "*** Titled Tuesday Blitz"]
[Site "Chess.com"]
[Date "2021.04.20"]
[Round "4"]
[White "prachiti01"]
[Black "Ladislav1969"]
[Result "1-0"]
[WhiteElo "2216"]
[BlackElo "2314"]
[TimeControl "180+1"]
[EndTime "10:39:47 PDT"]
[Termination "prachiti01 won by resignation"]

1. e4 c5 2. c3 e6 3. d4 d5 4.
exd5 exd5 5. Nf3 Nc6 6. Be2 Nf6 7. O-O Be7 8. dxc5 Bxc5 9. Nbd2 h6 10. Nb3 Bd6 11.
h3 O-O 12. Nbd4 Bd7 13. Be3 a6 14. Qb3 Qc7 15. Rad1 Rfe8 16. Rfe1 Rad8 17. Bf1 Ne5 18. Nxe5 Bxe5 19. Nf3 Bf4 20. Bb6 Qc6 21. Bxd8 Rxd8 22.
Ne5 Qd6 23. Nxd7 Qxd7 24. Be2 Bb8 25. Bf3 Qd6 26. g3 Ba7 27. Kg2 Qc5 28. Re2 h5 29. Qb4 Qc7 30. Qf4 Qc5 31. Red2 a5 32. h4 b5 33. Qd4 Qxd4 34. cxd4 Rc8 35. Re1 Rc4 36. b3 Rc3 37. Re7 Bb8 38. Rb7 Bd6 39. Rxb5 Bb4 40. Re2 Rd3 41. Bxd5 Rxd4 42. Bc4 g6 43.
Rb8+ Kg7 44. Rb7 Rd7 45. Rxd7 Nxd7 46. f4 Kf6 47. Kf3 Nc5 48. Re8 Nb7 49. Rb8 Nd6 50.
Rb6 Ke7 51. Ra6 Nf5 52. a3 Bc3 53. Ra7+ Kd6 54. Rxf7 Nd4+ 55. Kg2 Nf5 56. Ra7 Ne3+ 57. Kh3 Nxc4 58. bxc4 Kc5 59. Ra6 Kxc4 60. Rxg6 Kb3 61.
Rg5 Kxa3 62. Rxh5 Kb3 63. Rb5+ Kc4 64. Rb8 a4 65. Ra8 Kb4 66. f5 a3 67. g4 Kb3 68. g5 a2 69. f6 Bb2 70. Rxa2 Kxa2 71.
f7 Bg7 72. h5 Kb3 73. Kg4 Bf8 74.
Kf5 Kc4 75. h6 Kd5 76. h7 Bg7 77. f8=Q Bxf8 78. h8=Q Bd6 79. Qg8+ Kc6 80. Qe6 Kc7 81. g6 Bc5 82. g7 1-0

[Event "*** Titled Tuesday Blitz"]
[Site "Chess.com"]
[Date "2021.04.20"]
[Round "4"]
[White "Srisshhhtea"]
[Black "chegueps"]
[Result "1-0"]
[WhiteElo "2331"]
[BlackElo "2445"]
[TimeControl "180+1"]
[EndTime "10:39:53 PDT"]
[Termination "Srisshhhtea won on time"]

1. e4 e6 2. d4 d5 3. Bd3 dxe4 4.
Bxe4 Nf6 5. Bf3 c5 6. Ne2 Nc6 7.
Be3 Nd5 8. Bxd5 Qxd5 9. Nbc3 Qd8 10. dxc5 Qa5 11. a3 Be7 12. O-O O-O 13. b4 Qd8 14. Ne4 Bd7 15. Qd2 Qc7 16. Rfd1 Rfd8 17. c3 Ne5 18.
Bf4 Ba4 19. Nd6 Bxd1 20. Bxe5 Bxe2 21. Qxe2 Bxd6 22. Bxd6 Qc6 23. c4 a6 24. b5 axb5 25. cxb5 Qd5 26. Rd1 Qb3 27. c6 bxc6 28. bxc6 h6 29.
c7 Rdc8 30. h3 Ra5 31. Rd3 Qb1+ 32. Kh2 Qb6 33. Bg3 h5 34. Qd1 Rxc7 35. Bxc7 Qxc7+ 36. g3 h4 37. Kg2 hxg3 38. Rxg3 Rd5 39. Qg4 g6 40. a4 Qc6 41. Kh2 Rc5 42. Qf3 Qxa4 43. Qe3 Rd5 44. Rxg6+ Kf8 45. Rg3 Qd1 46. Qh6+ Ke7 47.
Qh4+ Ke8 48. Rg8+ Kd7 49. Qd8+ Kc6 50. Qc8+ Kb5 51. Qb7+ Kc4 52. Rc8+ Kd3 53. Qa6+ Ke4 54. Rc4+ Rd4 55. Qc6+ Ke5 56. Qc5+ Rd5 57. Qe3+ Kd6 58. Qb6+ Ke7 59. Rc7+ Kf6 60. Qb2+ Kf5 61. Rxf7+ Ke4 62. f3+ Ke3 63. Rf6 Rd2+ 64. Kg3 Rxb2 65. Rxe6+ Kd2 66. Rd6+ Ke1 67. Rxd1+ Kxd1 68. h4 Ke2 69. h5 Ke3 70. Kg4 Rb4+ 71. Kg5 Kxf3 72. h6 Rb5+ 73. Kg6 Kg4 74.
h7 Rb6+ 75. Kg7 Kg5 76. h8=Q Rb7+ 77. Kg8 Kg6 78. Qe5 Rb8+ 79. Qxb8 1-0